 Dungeon Crawl Stone Soup version 0.31-a0-835-g2a3a5bc3be (webtiles) character file.

Game seed: 14658899174954172122

105 BinkBink the Sneak (level 4, -3/21 HPs)
             Began as a Spriggan Enchanter on Sept 26, 2023.
             Killed from afar by a white imp (7 damage)
             ... with a puff of frost
             ... on level 4 of the Dungeon.
             The game lasted 00:04:53 (1932 turns).

BinkBink the Sneak (Spriggan Enchanter)             Turns: 1932, Time: 00:04:54

Health: -3/21      AC:  2    Str:  4    XL:     4   Next: 53%
Magic:  9/9        EV: 19    Int: 16    God:
Gold:   101        SH:  5    Dex: 23    Spells: 9/9 levels left

rFire   . . .        a - +1 dagger
rCold   . . .        (no shield)
rNeg    . . .        b - +0 robe
rPois   .            (helmet restricted)
rElec   .            (no cloak)
rCorr   .            (gloves unavailable)
SInv    +            (boots unavailable)
Will    .....        g - amulet of reflection
Stlth   ++++         m - +6 ring of dexterity
HPRegen 0.23/turn    (no ring)
MPRegen 0.11/turn

%: reflection
@: very quick
A: very small, no large weapons, unfitting armour, see invisible, speed 3
a: no special abilities


You were on level 4 of the Dungeon.
You visited 1 branch of the dungeon, and saw 4 of its levels.

You collected 101 gold pieces.

Inventory:

Hand Weapons
 a - a +1 dagger (weapon)
Armour
 b - a +0 robe (worn)
Jewellery
 g - an amulet of reflection (around neck)
 m - a +6 ring of dexterity (left hand)
Scrolls
 e - 3 scrolls of identify
 f - a scroll of noise {unknown}
 h - a scroll of enchant weapon {unknown}
 j - a scroll of amnesia {unknown}
 l - a scroll of vulnerability {unknown}
Potions
 c - 2 potions of invisibility
 i - 2 potions of curing {unknown}
 k - a potion of attraction {unknown}
 n - a potion of enlightenment {unknown}


   Skills:
 + Level 2.3 Short Blades
 + Level 3.5 Dodging
 * Level 6.0 Stealth
 + Level 3.3 Spellcasting
 + Level 4.2 Hexes


You had 9 spell levels left.
You didn't know any spells.
Your spell library contained the following spells:

 Spells                   Type           Power      Damage    Failure   Level
 Confusing Touch          Hex            16%        N/A       10%         3
 Tukima's Dance           Hex            16%        N/A       10%         3
 Ensorcelled Hibernation  Hex/Ice        18%        N/A       12%         2
 Dazzling Flash           Conj/Hex       18%        N/A       22%         3
 Animate Dead             Necr           2%         N/A       88%         4
 Haunt                    Necr/Summ      1%         N/A       100%        7
 Infestation              Necr           1%         N/A       100%        8


Dungeon Overview and Level Annotations

Branches:
Dungeon (4/15)
 Temple: D:4-7

Altars:
Nemelex Xobeh
Qazlal

Shops:
D:3 =


Innate Abilities, Weirdness & Mutations

You are very small and have problems with some larger weapons.
You are too small for most types of armour.
You have supernaturally acute eyesight. (SInv)
You cover ground extremely quickly. (Speed+++)


Message History

You hit the kobold.
You kill the kobold!
Things that are here:
a +0 whip; a +1 barding of cold resistance You hit the endoplasm.
You kill the endoplasm!
Things that are here:
a +0 whip; a +1 barding of cold resistance You hit the white imp but do no damage.
You block the white imp's attack.
You closely miss the white imp.
The white imp shouts, "Scamper hence, thou craven ruttish bootstain!"
The white imp completely misses you.
You hit the white imp.
The white imp is lightly wounded.
The white imp completely misses you.
You hit the white imp.
The white imp is lightly wounded.
The white imp grinds its teeth.
The white imp barely misses you.
You hit the white imp but do no damage.
The white imp is lightly wounded.
The white imp closely misses you.
You hit the white imp.
The white imp is moderately wounded.
The white imp gestures at you. The puff of frost hits you!
You are too injured to fight recklessly!
You are too injured to fight recklessly!
You are too injured to fight recklessly!
You are too injured to fight recklessly!
You hit the white imp but do no damage.
The white imp is moderately wounded.
The white imp hits you. The white imp freezes you.
* * * LOW HITPOINT WARNING * * *
Blink to where?
Press: ? - help, Dir - move target
As you read the scroll of blinking, it crumbles to dust.
The white imp gestures at you. The puff of frost hits you!
You die...

#. #..### #.
#.... #..#..>#
####..#...#
........).#
......#ยง#.#####
####...5......
###.#.#####
#@#.# #...#
#.### #.. #.#
#.# #.# #..


You could see a white imp.

Vanquished Creatures
  Jessica (D:2)
  An adder (D:3)
  A gnoll (D:1)
  2 ball pythons (D:1)
  7 endoplasms
  4 giant cockroaches
  4 hobgoblins
  11 kobolds
  3 quokkas
  5 bats
  5 frilled lizards
  9 goblins
  4 rats
57 creatures vanquished.

Notes
Turn   | Place    | Note
-------+----------+-------------------------------------------
     0 | D:1      | BinkBink the Spriggan Enchanter began the quest for the
                  | Orb.
     0 | D:1      | Reached XP level 1. HP: 9/9 MP: 5/5
   396 | D:1      | Reached XP level 2. HP: 13/13 MP: 6/6
   651 | D:1      | Reached skill level 5 in Stealth
   701 | D:1      | Reached XP level 3. HP: 15/16 MP: 8/8
  1214 | D:2      | Noticed Jessica
  1233 | D:2      | Killed Jessica
  1234 | D:2      | Reached XP level 4. HP: 16/21 MP: 9/9
  1402 | D:3      | Found Guzobogi's Jewellery Emporium.
  1502 | D:3      | Found a sparkling altar of Nemelex Xobeh.
  1664 | D:3      | Noticed a black bear
  1684 | D:3      | Found a stormy altar of Qazlal.
  1712 | D:3      | Reached skill level 6 in Stealth
  1932 | D:4      | Killed from afar by a white imp

Illustrated notes

Levels and vault maps discovered:
D:1:      matt_arrival_refuge, layout_basic
D:2:      layout_rooms, uniq_jessica
D:3:      layout_basic, grunt_qazlal_clouds, mainiacjoe_overflow_paths,
          serial_shops, shop
D:4:      layout_loops_ring, mainiacjoe_overflow_brackets,
          nicolae_shop_i_like_big_books

Skill      XL: |  1  2  3  4 |
---------------+-------------+-----
Dodging        | 3 |  3.5
Spellcasting   | 3 |  3.3
Stealth        | 5 6 |  6.0
Hexes          | 4 |  4.2
Short Blades   | 2 |  2.3

Action                     |  1- 3 |  4- 6 || total
---------------------------+-------+-------++-------
  Melee: Dagger            |   136 |    60 ||   196
         Punch             |     2 |       ||     2
    Use: Scroll            |       |     2 ||     2
   Stab: Sleeping          |    12 |     2 ||    14
         Distracted        |     1 |       ||     1
 Armour: Robe              |    36 |    12 ||    48
  Dodge: Dodged            |   102 |    34 ||   136
  Block: Other             |    11 |     6 ||    17

Table legend: (Time is in decaauts)
 A = Elapsed time spent in this place.
 B = Non-inter-level travel time spent in this place.
 C = Inter-level travel time spent in this place.
 D = Time resting spent in this place.
 E = Time spent auto-exploring this place.
 F = Levels seen in this place.
 G = Mean time per level.
                   A        B        C        D        E       F      G
               +--------+--------+--------+--------+--------+-----+--------+
         Total |   1314 |   1290 |     24 |      0 |    861 |   4 |  328.5 |
       Dungeon |   1314 |   1290 |     24 |      0 |    861 |   4 |  328.5 |
               +--------+--------+--------+--------+--------+-----+--------+

Top non-repeatable levels by time:
     D:1: 667 daAuts
     D:3: 376 daAuts
     D:2: 256 daAuts
     D:4: 13 daAuts
